 Dungeon Crawl Stone Soup version 0.29.1-2-gbd0b4ee654 (webtiles) character file.

Game seed: 12632461367278928691

106 hawla the Chiller (level 5, -1/57 HPs)
             Began as a Meteoran Ice Elementalist on Oct 27, 2022.
             Slain by a gnoll
             ... wielding a +1 whip of holy wrath
              (9 damage)
             ... on level 3 of the Dungeon.
             The game lasted 00:06:03 (1207 turns).

hawla the Chiller (Meteoran Ice Elementalist)       Turns: 1207, Time: 00:06:03

Health: -1/57      AC:  2    Str:  9    XL:     5   Next: 32%
Magic:  1/11       EV: 12    Int: 18    God:
Gold:   86         SH:  0    Dex: 15    Spells: 2/10 levels left

rFire   x . .      SeeInvis .   (no weapon)
rCold   + . .      Faith    .   (no shield)
rNeg    . . .      Spirit   .   a - +0 robe
rPois   .          Reflect  .   (no helmet)
rElec   .          Harm     .   (no cloak)
rCorr   .          Rampage  .   (no gloves)
Will    .....                   (no boots)
Stlth   ..........              (no amulet)
HPRegen 0.19/turn               e - ring of ice
MPRegen 0.12/turn               (no ring)

@: mighty, berserking, glowing, very quick
A: sense surroundings 1, otherworldly, glowing, explore regen
a: no special abilities


You were on level 3 of the Dungeon.
You visited 1 branch of the dungeon, and saw 3 of its levels.

You collected 86 gold pieces.

Inventory:

Armour
 a - a +0 robe (worn)
Jewellery
 e - a ring of ice (left hand)
Scrolls
 b - a scroll of magic mapping {unknown}
 f - a scroll of teleportation {unknown}
 i - a scroll of fear {unknown}
Potions
 h - 2 potions of curing


   Skills:
 - Level 0.3 Fighting
 - Level 2.5 Dodging
 - Level 1.4 Stealth
 - Level 3.4 Spellcasting
 + Level 0.1 Conjurations
 + Level 6.2 Ice Magic


You had 2 spell levels left.
You knew the following spells:

 Your Spells              Type           Power      Damage    Failure   Level
a - Freeze                Ice            100%       1d11      1%          1
b - Frozen Ramparts       Ice            76%        1d12      3%          3
c - Hailstorm             Conj/Ice       21%        3d6       38%         4

Your spell library contained the following spells:

 Spells                   Type           Power      Damage    Failure   Level
 Ozocubu's Armour         Ice            38%        N/A       3%          3


Dungeon Overview and Level Annotations

Branches:
Dungeon (3/15) Zot: 594

Altars:

Shops:
D:2 :


Innate Abilities, Weirdness & Mutations

You passively map a small area around you.
You are easily found by Zot.
You glow in the dark.
You regain HP and MP as you explore.


Message History

You kill the gnoll!
The giant cockroach bites you but does no damage.
Your Ice Magic skill increases to level 6!
It was a potion of might.
You feel very mighty all of a sudden.
The giant cockroach barely misses you. x2
Your magical contamination has completely faded away.
You hit the giant cockroach.
The giant cockroach is heavily wounded.
The giant cockroach bites you.
You closely miss the giant cockroach.
The giant cockroach is heavily wounded.
The giant cockroach closely misses you.
You barely miss the giant cockroach.
The giant cockroach is heavily wounded.
The giant cockroach bites you but does no damage.
The gnoll hits you with a +0 whip.
You hit the giant cockroach.
You kill the giant cockroach!
The gnoll hits you with a +0 whip.
* * * LOW HITPOINT WARNING * * *
It was a potion of berserk rage.
A red film seems to cover your vision as you go berserk!
You feel yourself moving faster!
You feel mighty! The gnoll closely misses you.
You hit the gnoll but do no damage. You punch the gnoll!
The gnoll is severely wounded.
The gnoll hits you but does no damage.
You barely miss the gnoll.
The gnoll is severely wounded.
The gnoll hits you with a +0 whip.
* * * LOW HITPOINT WARNING * * *
You hit the gnoll.
You kill the gnoll!
The gnoll hits you with a +1 whip of holy wrath.
* * * LOW HITPOINT WARNING * * *
You see here a +0 whip.
You barely miss the gnoll.
The gnoll hits you with a +1 whip of holy wrath!
You die...

,, , , , .....#
..#* , , [....#
...., , *
#....#*#..## * * ,
* #....,,.... * ,
#...###..## , * #..
......# #g###...#
,*# #@##....# *, ,
#..#.#.##.<..#,* ,
, * #..>........#
......#....#..#,
......#.......# *
..... +......... ,
.....,#.......... ,
.... ,............
,
,....,.............


You could see a gnoll.

Vanquished Creatures
  Robin (D:2)
  2 gnolls (D:3)
  2 adders (D:2)
  A worm (D:2)
  A dart slug (D:1)
  4 ball pythons
  3 endoplasms
  2 giant cockroaches
  3 hobgoblins
  5 kobolds
  A quokka (D:1)
  A bat (D:2)
  A frilled lizard (D:1)
  14 goblins
  9 rats
50 creatures vanquished.

Notes
Turn   | Place    | Note
-------+----------+-------------------------------------------
     0 | D:1      | hawla the Meteoran Ice Elementalist began the quest for the
                  | Orb.
     0 | D:1      | Reached XP level 1. HP: 14/14 MP: 5/5
   287 | D:1      | Reached XP level 2. HP: 20/20 MP: 3/6
   450 | D:1      | Reached XP level 3. HP: 16/26 MP: 4/8
   457 | D:1      | Reached skill level 5 in Ice Magic
   500 | D:1      | Glimpsed the power of Zot.
   548 | D:2      | Learned a level 3 spell: Frozen Ramparts
   836 | D:2      | Reached XP level 4. HP: 33/33 MP: 6/10
   841 | D:2      | Learned a level 4 spell: Hailstorm
   935 | D:2      | Noticed Robin
   938 | D:2      | Killed Robin
  1031 | D:2      | Found Conkeluj's Book Shop.
  1100 | D:2      | Glimpsed the power of Zot.
  1150 | D:2      | Glimpsed the power of Zot.
  1171 | D:3      | Reached XP level 5. HP: 29/38 MP: 2/11
  1195 | D:3      | Reached skill level 6 in Ice Magic
  1207 | D:3      | Slain by a gnoll

Illustrated notes

Levels and vault maps discovered:
D:1:      beargit_arrival_diablo_church, layout_basic, serial_shops, shop,
          minmay_cupped
D:2:      layout_loops_corners, serial_shops, shop, grunt_ministairs_13,
          uniq_robin
D:3:      minmay_angry_zag, layout_basic, uniq_sigmund

Skill      XL: |  1  2  3  4  5 |
---------------+----------------+-----
Spellcasting   | 3 |  3.4
Ice Magic      | 5 6 |  6.2
Fighting       | |  0.3
Dodging        | |  2.5
Stealth        | |  1.4
Conjurations   | |  0.1

Action                   |  1- 3 |  4- 6 || total
-------------------------+-------+-------++-------
Melee: Unarmed           |    18 |    17 ||    35
       Punch             |     2 |     1 ||     3
 Cast: Freeze            |    37 |     8 ||    45
       Frozen Ramparts   |     4 |     3 ||     7
       Hailstorm         |       |     3 ||     3
  Use: Potion            |     3 |     3 ||     6
       Scroll            |       |     1 ||     1
Armor: Robe              |     3 |     6 ||     9
       Skin              |       |     5 ||     5
Dodge: Dodged            |    25 |    12 ||    37
